 Dungeon Crawl Stone Soup version 0.30-a0-462-gd5975efbca (webtiles) character file.

Game seed: 1398939045422242868

411 Darkkill the Shooter (level 6, -1/53 HPs)
             Began as a Minotaur Hunter on Dec 16, 2022.
             Slain by Pikel
             ... wielding a +1 whip of flaming
              (4 damage)
             ... on level 5 of the Dungeon.
             The game lasted 00:03:48 (3205 turns).

Darkkill the Shooter (Minotaur Hunter)              Turns: 3205, Time: 00:03:49

Health: -1/53      AC:  5    Str: 17    XL:     6   Next: 58%
Magic:  5/5        EV: 13    Int:  6    God:
Gold:   233        SH:  0    Dex: 14    Spells: 5/5 levels left

rFire   . . .      SeeInvis .    a - +0 shortbow (freeze)
rCold   . . .      Faith    .    (shield currently unavailable)
rNeg    . . .      Spirit   .    c - +2 leather armour
rPois   .          Reflect  .    (helmet restricted)
rElec   .          Harm     .    (no cloak)
rCorr   .          Rampage  .    (no gloves)
Will    .....                    (no boots)
Stlth   ++........               (no amulet)
HPRegen 0.28/turn                (no ring)
MPRegen 0.09/turn                (no ring)

@: about to teleport
A: horns 2, retaliatory headbutt
a: no special abilities


You were on level 5 of the Dungeon.
You visited 1 branch of the dungeon, and saw 5 of its levels.

You collected 233 gold pieces.

Inventory:

Hand Weapons
 a - a +0 shortbow of freezing (weapon)
Missiles
 d - 20 stones
 j - 6 poisoned darts
Armour
 c - a +2 leather armour (worn)
Jewellery
 n - an amulet of reflection
Scrolls
 b - 3 scrolls of immolation
 f - 4 scrolls of teleportation
Potions
 e - 3 potions of mutation
 g - a potion of cancellation {unknown}
 h - a potion of brilliance {unknown}
 i - a potion of curing {unknown}
 k - a potion of lignification {unknown}
 l - a potion of ambrosia
 m - a potion of berserk rage {unknown}
 o - a potion of invisibility {unknown}


   Skills:
 + Level 4.6 Fighting
 + Level 5.7 Ranged Weapons
 + Level 4.3 Dodging
 + Level 3.0 Stealth


You had 5 spell levels left.
You didn't know any spells.
Your spell library contained the following spells:

 Spells                   Type           Power      Damage    Failure   Level
 Slow                     Hex            0%         N/A       52%         1
 Blink                    Tloc           0%         N/A       67%         2
 Portal Projectile        Hex/Tloc       0%         N/A       88%         3
 Tukima's Dance           Hex            0%         N/A       88%         3
 Flame Wave               Conj/Fire      0%         2d4       99%         4
 Manifold Assault         Tloc           0%         N/A       99%         4
 Blade Hands              Tmut           0%         N/A       100%        5
 Yara's Violent Unravell  Hex/Tmut       0%         3d3       100%        5
 Storm Form               Tmut/Air       0%         N/A       100%        7


Dungeon Overview and Level Annotations

Branches:
Dungeon (5/15)
 Temple: D:4-7

Altars:
Ashenzari
Makhleb
Okawaru
Trog

Annotations:
D:5 Pikel


Innate Abilities, Weirdness & Mutations

You have a pair of horns on your head.
You reflexively headbutt those who attack you in melee.


Message History

A lemure is nearby!
You shoot an arrow. The arrow hits the lemure!
The arrow freezes the lemure.
The lemure is moderately wounded.
Pikel, Merchant of Souls comes into view.
He is wielding a +1 whip of flaming.
Fire: a) +0 shortbow (freeze)
Press: ? - help, Q - select action, (/) - cycle Shift-Dir - straight line, f/p - lemure
Aim: a lemure (moderately wounded, 56% to hit)
You shoot an arrow. The arrow hits the lemure!
The arrow freezes the lemure.
The lemure is severely wounded.
A lemure comes into view.
The lemure moves out of view.
Fire: a) +0 shortbow (freeze)
Press: ? - help, Q - select action, (/) - cycle Shift-Dir - straight line, f/p - lemure
Aim: a lemure (severely wounded, 56% to hit)
You shoot an arrow. The arrow closely misses the lemure.
Fire: a) +0 shortbow (freeze)
Press: ? - help, Q - select action, (/) - cycle Shift-Dir - straight line, f/p - lemure
Aim: a lemure (severely wounded, 56% to hit)
You shoot an arrow.
The arrow hits the lemure but does no damage.
The lemure is severely wounded.
The lemure closely misses you.
Fire: a) +0 shortbow (freeze)
Press: ? - help, Q - select action, (/) - cycle Shift-Dir - straight line, f/p - lemure
Aim: a lemure (severely wounded, 56% to hit)
You shoot an arrow. The arrow hits the lemure.
The arrow freezes the lemure.
The lemure is severely wounded.
You hear a shout!
A lemure comes into view.
The lemure hits you. x2
Fire: a) +0 shortbow (freeze)
Press: ? - help, Q - select action, (/) - cycle Shift-Dir - straight line, f/p - lemure
Aim: a lemure (severely wounded, 56% to hit)
You shoot an arrow. The lemure shouts!
The arrow hits the lemure.
The arrow freezes the lemure.
You kill the lemure!
That felt strangely unrewarding.
You hear an angry hiss.
An adder comes into view.
A lemure comes into view.
The adder moves out of view.
Fire: a) +0 shortbow (freeze)
Press: ? - help, Q - select action, (/) - cycle Shift-Dir - straight line, f - Pikel
Aim: Pikel, wielding a +1 whip of flaming and wearing a +0 robe (56% to hit)
You shoot an arrow. The arrow hits Pikel.
The arrow freezes Pikel.
Pikel is lightly wounded.
Pikel hits you with a +1 whip of flaming!
Pikel burns you.
Fire: a) +0 shortbow (freeze)
Press: ? - help, Q - select action, (/) - cycle Shift-Dir - straight line, f/p - Pikel
Aim: Pikel, wielding a +1 whip of flaming and wearing a +0 robe (lightly wounded, 56% to hit)
You shoot an arrow.
The arrow hits Pikel but does no damage.
Pikel is lightly wounded.
Pikel completely misses you.
Fire: a) +0 shortbow (freeze)
Press: ? - help, Q - select action, (/) - cycle Shift-Dir - straight line, f/p - Pikel
Aim: Pikel, wielding a +1 whip of flaming and wearing a +0 robe (lightly wounded, 56% to hit)
You shoot an arrow.
The arrow hits Pikel but does no damage.
Pikel is lightly wounded.
Pikel hits you with a +1 whip of flaming.
Pikel burns you.
Pikel hits you with a +1 whip of flaming.
Pikel burns you.
Fire: a) +0 shortbow (freeze)
Press: ? - help, Q - select action, (/) - cycle Shift-Dir - straight line, f/p - Pikel
Aim: Pikel, wielding a +1 whip of flaming and wearing a +0 robe (lightly wounded, 56% to hit)
You shoot an arrow. The arrow hits Pikel.
The arrow freezes Pikel.
Pikel is moderately wounded.
Pikel hits you with a +1 whip of flaming!
Pikel burns you.
Fire: a) +0 shortbow (freeze)
Press: ? - help, Q - select action, (/) - cycle Shift-Dir - straight line, f/p - Pikel
Aim: Pikel, wielding a +1 whip of flaming and wearing a +0 robe (moderately wounded, 56% to hit)
You shoot an arrow. The arrow hits Pikel!
The arrow freezes Pikel.
Pikel is heavily wounded.
Pikel hits you with a +1 whip of flaming.
* * * LOW HITPOINT WARNING * * *
Pikel burns you.
* * * LOW HITPOINT WARNING * * *
Fire: a) +0 shortbow (freeze)
Press: ? - help, Q - select action, (/) - cycle Shift-Dir - straight line, f/p - Pikel
Aim: Pikel, wielding a +1 whip of flaming and wearing a +0 robe (heavily wounded, 56% to hit)
You shoot an arrow.
The arrow hits Pikel but does no damage.
Pikel is heavily wounded.
Pikel hits you with a +1 whip of flaming.
* * * LOW HITPOINT WARNING * * *
Pikel burns you.
* * * LOW HITPOINT WARNING * * *
As you read the scroll of teleportation, it crumbles to dust.
You feel strangely unstable.
Pikel hits you with a +1 whip of flaming.
* * * LOW HITPOINT WARNING * * *
Pikel burns you.
* * * LOW HITPOINT WARNING * * *
Pikel attacks as you move away!
Pikel hits you with a +1 whip of flaming.
You die...

....#.......... .(..##
#.............. ......
#...<....#....
......#####......###....
.................###....
...................##...
#............##._......
#...........###...##...
#.....@......###.####..
#####K###....##..###...
.55 ##.....†........
....S.#...............
...............#...#....
...............#...#...#
...#.....##...##...#...#
...#...................#
....................


You could see Pikel, 2 lemures and an adder.

Vanquished Creatures
  A lemure (D:5)
  Blork the orc (D:5)
  A scorpion (D:5)
  A jelly (D:5)
  A hound (D:4)
  2 orc wizards (D:4)
  4 gnolls (D:2)
  2 adders (D:5)
  2 shadow imps (D:5)
  5 worms
  4 dart slugs
  8 orcs
  8 ball pythons
  3 bats
  5 endoplasms
  6 giant cockroaches
  2 hobgoblins (D:2)
  4 jackals (D:3)
  6 quokkas
  4 frilled lizards
  2 goblins
  3 kobolds
  4 rats
79 creatures vanquished.

Notes
Turn   | Place    | Note
-------+----------+-------------------------------------------
     0 | D:1      | Darkkill the Minotaur Hunter began the quest for the Orb.
     0 | D:1      | Reached XP level 1. HP: 18/18 MP: 0/0
    69 | D:1      | Reached skill level 1 in Stealth
   159 | D:1      | Reached XP level 2. HP: 25/25 MP: 1/1
   812 | D:2      | Reached XP level 3. HP: 31/31 MP: 2/2
   842 | D:2      | Reached XP level 4. HP: 33/38 MP: 3/3
  1591 | D:3      | Found a burning altar of Makhleb.
  1620 | D:3      | Got the Anthology of the Summer and Enchantment
  1793 | D:3      | Reached skill level 5 in Ranged Weapons
  1798 | D:3      | Found a faded altar of an unknown god.
  2201 | D:4      | Reached XP level 5. HP: 46/46 MP: 4/4
  2366 | D:4      | Found an iron altar of Okawaru.
  2896 | D:5      | Entered Level 5 of the Dungeon
  2909 | D:5      | Found a broken altar of Ashenzari.
  2934 | D:5      | Noticed Blork the orc
  2945 | D:5      | HP: 5/46 [Blork the orc/+0 dire flail (5)]
  2948 | D:5      | Killed Blork the orc
  2949 | D:5      | Reached XP level 6. HP: 14/53 MP: 5/5
  2956 | D:5      | HP: 10/53 [poisoned by an adder]
  3136 | D:5      | Found a bloodstained altar of Trog.
  3192 | D:5      | Noticed Pikel
  3203 | D:5      | HP: 7/53 [Pikel/+1 whip of flaming (5)]
  3204 | D:5      | HP: 3/53 [Pikel/+1 whip of flaming (1)]
  3205 | D:5      | Slain by Pikel

Illustrated notes

Levels and vault maps discovered:
D:1:      dpeg_arrival_prison, layout_loops_ring, minmay_shallow_snake_nest
D:2:      layout_loops_ring
D:3:      layout_basic, bloody_makhleb, ebering_ecumenical_altar_mist
D:4:      layout_loops_corners, mainiacjoe_overflow_boulevard
D:5:      layout_basic, general_overflow_altar,
          mainiacjoe_overflow_small_starburst, trog_three_pillars_becter,
          kennysheep_generic_room_5, uniq_blork_the_orc, uniq_pikel

Skill      XL: |  1  2  3  4  5  6 |
---------------+-------------------+-----
Stealth        | 1 2 3 |  3.0
Fighting       | 3 4 |  4.6
Dodging        | 3 4 |  4.3
Ranged Weapons | 5 |  5.7

Action                   |  1- 3 |  4- 6 || total
-------------------------+-------+-------++-------
 Fire: Shortbow          |    59 |   156 ||   215
  Use: Scroll            |     2 |     6 ||     8
       Potion            |       |     3 ||     3
Armor: Leather armour    |     4 |    12 ||    16
Dodge: Dodged            |    15 |    50 ||    65

Table legend: (Time is in decaauts)
 A = Elapsed time spent in this place.
 B = Non-inter-level travel time spent in this place.
 C = Inter-level travel time spent in this place.
 D = Time resting spent in this place.
 E = Time spent auto-exploring this place.
 F = Levels seen in this place.
 G = Mean time per level.
                   A        B        C        D        E       F      G
               +--------+--------+--------+--------+--------+-----+--------+
         Total |   3264 |   3173 |     91 |      0 |   2733 |   5 |  652.8 |
       Dungeon |   3264 |   3173 |     91 |      0 |   2733 |   5 |  652.8 |
               +--------+--------+--------+--------+--------+-----+--------+

Top non-repeatable levels by time:
     D:4: 945 daAuts
     D:1: 728 daAuts
     D:2: 635 daAuts
     D:3: 634 daAuts
     D:5: 321 daAuts

Table legend:
 A = Kills in this place as a percentage of kills in entire the game.
 B = Kills by you in this place as a percentage of kills by you in the entire game.
 C = Kills by friends in this place as a percentage of kills by friends in the entire game.
 D = Other kills in this place as a percentage of other kills in the entire game.
 E = Experience gained in this place as a percentage of experience gained in the entire game.
 F = Experience gained in this place divided by the number of levels of this place that you have seen.
                   A       B       C       D       E      F
               +-------+-------+-------+-------+-------+----------------------
         Total | 100.0 | 100.0 |   N/A |   N/A | 100.0 | 117.6
       Dungeon | 100.0 | 100.0 |   N/A |   N/A | 100.0 | 117.6
               +-------+-------+-------+-------+-------+----------------------
